 Dungeon Crawl Stone Soup version 0.28.0-53-g5a82cb258f (webtiles) character file.

Game seed: 9253586791725955414

540 PentaManta the Grappler (level 7, -1/56 HPs)
             Began as a Ghoul Gladiator on June 16, 2022.
             Slain by Sigmund
             ... wielding a +0 scythe
              (11 damage)
             ... on level 5 of the Dungeon.
             The game lasted 00:06:39 (4342 turns).

PentaManta the Grappler (Ghoul Gladiator)           Turns: 4342, Time: 00:06:40

Health: -1/56      AC: 10    Str: 25 (26) XL:     7   Next: 26%
Magic:  6/6        EV:  8    Int:  3      God:
Gold:   162        SH:  0    Dex:  9 (10) Spells: 6/6 levels left

rFire   . . .      SeeInvis .     - Unarmed
rCold   + . .      Faith    .   (no shield)
rNeg    + + +      Spirit   .   t - +0 chain mail
rPois   ∞          Reflect  .   b - +1 helmet
rElec   .          Harm     .   (no cloak)
rCorr   .          Rampage  .   (no gloves)
Will    .....                   (no boots)
Stlth   ..........              (no amulet)
HPRegen 0.00/turn               k - +6 ring of strength
MPRegen 0.10/turn               (no ring)

@: brilliant, inhibited regen
A: claws 1, cold resistance 1, negative energy resistance 3, inhibited
regeneration, torment resistance 2
a: no special abilities


You were on level 5 of the Dungeon.
You visited 1 branch of the dungeon, and saw 5 of its levels.

You collected 162 gold pieces.

Inventory:

Missiles
 c - 3 throwing nets
 d - 12 poisoned darts
 m - 2 boomerangs (quivered)
 p - 40 arrows
Armour
 a - a +0 leather armour
 b - a +1 helmet (worn)
 j - a +0 plate armour
 t - a +0 chain mail (worn)
Jewellery
 k - a +6 ring of strength (left claw)
 s - a ring of ice
Wands
 u - a wand of polymorph (11)
Scrolls
 g - a scroll of teleportation
 h - a scroll of enchant armour
Potions
 e - 2 potions of flight
 f - a potion of might
 i - a potion of lignification
 n - a potion of resistance
 o - a potion of brilliance


   Skills:
 - Level 2.3 Fighting
 - Level 1.9 Throwing
 - Level 2.8 Dodging
 + Level 8.7 Unarmed Combat


You had 6 spell levels left.
You didn't know any spells.
Your spell library contained the following spells:

 Spells                   Type           Power      Damage    Failure   Level
 Magic Dart               Conj           0%         1d3       99%         1
 Sandblast                Erth           0%         2d4       99%         1
 Passwall                 Tmut/Erth      0%         N/A       100%        2
 Searing Ray              Conj           0%         2d4       100%        2
 Stone Arrow              Conj/Erth      0%         3d7       100%        3
 Tukima's Dance           Hex            0%         N/A       100%        3
 Fulminant Prism          Conj/Hex       0%         3d6       100%        4
 Passage of Golubria      Tloc           0%         N/A       100%        4
 Yara's Violent Unravell  Hex/Tmut       0%         3d3       100%        5


Dungeon Overview and Level Annotations

Branches:
Dungeon (5/15)
 Temple: D:4-7

Altars:

Shops:
D:3 (

Annotations:
D:3 1 runed translucent door, Peloso's ghost, amateur MiFi
D:5 Sigmund


Innate Abilities, Weirdness & Mutations

You thrive by killing the living.
You are immune to poison.
You have sharp fingernails.
Your flesh is cold resistant. (rC+)
You are immune to negative energy. (rN+++)
You do not regenerate when monsters are visible.
You are immune to unholy pain and torment.


Message History

You continue putting on your +0 chain mail.
Sigmund points at you and mumbles some strange words.
You resist with some effort.
You continue putting on your +0 chain mail.
Sigmund points at you and mumbles some strange words.
You are confused.
You finish putting on your +0 chain mail.
Unknown command.
Unknown command.
Unknown command.
It was a potion of brilliance.
You feel clever all of a sudden.
Sigmund hits you from afar with a +0 scythe.
Unknown command.
It was a potion of mutation.
You feel extremely strange.
Your body decomposes!
You feel weakened.
Your body decomposes!
You feel clumsy.
You bump into the rock wall.
Sigmund casts a spell at you. You resist with some effort.
Unknown command.
Unknown command.
You bump into the rock wall.
Sigmund mumbles some strange words.
Sigmund flickers and vanishes!
Deactivating autopickup; reactivate with Ctrl-A.
Something hits you!! Something hits you.
You bump into the rock wall.
You feel less confused. Something hits you.
You closely miss something. Something hits you!
You scratch something but do no damage. You scratch something.
Something hits you!
* * * LOW HITPOINT WARNING * * *
You closely miss something. You barely miss something. Something hits you!
You die...

....... #.# #...)...
....... ###.###.......
. .......
#....#####....
..@......
+.......##.... #.......
#......)+.....
#...(...##.###...###...
............#...###...
##.###...............
#..{@................
#....................
#....................
#..............##....
#....................
#[..........#+###...)
#............. #....
##............^ +....
............... #....


There were no monsters in sight!

Vanquished Creatures
  A phantom (D:4)
  A vampire bat (D:3)
  A hound (D:4)
  A jelly (D:4)
  Jessica (D:2)
  Natasha (thrice) (D:2)
  2 iguanas
  A hound skeleton (D:4)
  4 adders
  3 worms
  A dart slug (D:1)
  3 fire bats (D:3)
  6 orcs
  2 spectral bats (D:3)
  7 ball pythons
  3 bat skeletons (D:3)
  A bat zombie (D:3)
  8 endoplasms
  2 giant cockroaches
  12 goblins
  6 hobgoblins
  2 quokkas
  13 bats
  A bat simulacrum (D:3)
  A frilled lizard (D:3)
  8 kobolds
  4 rats (D:1)
98 creatures vanquished.

Notes
Turn   | Place    | Note
-------+----------+-------------------------------------------
     0 | D:1      | PentaManta the Ghoul Gladiator began the quest for the Orb.
     0 | D:1      | Reached XP level 1. HP: 17/17 MP: 0/0
   382 | D:1      | Reached XP level 2. HP: 25/25 MP: 1/1
   460 | D:1      | Reached skill level 4 in Unarmed Combat
   771 | D:1      | Reached XP level 3. HP: 30/30 MP: 2/2
   772 | D:1      | Found a faded altar of an unknown god.
  1453 | D:2      | Noticed Jessica
  1456 | D:2      | Killed Jessica
  1457 | D:2      | Reached skill level 5 in Unarmed Combat
  1457 | D:2      | Reached XP level 4. HP: 37/37 MP: 3/3
  1500 | D:2      | Noticed Natasha
  1504 | D:2      | Killed Natasha
  1737 | D:2      | Noticed Natasha
  1743 | D:2      | Killed Natasha
  1744 | D:2      | Reached skill level 6 in Unarmed Combat
  1744 | D:2      | Reached XP level 5. HP: 42/42 MP: 4/4
  1835 | D:2      | Noticed Natasha
  1845 | D:2      | Killed Natasha
  2014 | D:3      | Found a runed translucent door.
  2014 | D:3      | Noticed Peloso's ghost (amateur MiFi)
  2147 | D:3      | Reached skill level 7 in Unarmed Combat
  2147 | D:3      | Reached XP level 6. HP: 46/49 MP: 5/5
  2885 | D:3      | Found Heisusui's Weapon Boutique.
  3637 | D:4      | Reached skill level 8 in Unarmed Combat
  3782 | D:5      | Entered Level 5 of the Dungeon
  3892 | D:5      | Noticed an orc warrior
  3924 | D:4      | Reached XP level 7. HP: 40/56 MP: 6/6
  4318 | D:5      | Noticed Sigmund
  4342 | D:5      | Slain by Sigmund

Illustrated notes

Levels and vault maps discovered:
D:1:      dpeg_arrival_circle_labyrinth_c, layout_basic,
          ebering_ecumenical_altar_sacrificial, minmay_pentomino_r2
D:2:      layout_basic, uniq_jessica, uniq_natasha
D:3:      layout_loops_ring, serial_shops, shop, ebering_ghost_sewer_d,
          amethyst_killhole, goddamned_bats
D:4:      layout_loops_ring, kennysheep_generic_room_13
D:5:      layout_basic, uniq_sigmund, uniq_grinder, uniq_ijyb

Skill      XL: |  1  2  3  4  5  6 |
---------------+-------------------+-----
Unarmed Combat | 4 5 6 7 8 |  8.7
Fighting       | |  2.3
Throwing       | |  1.9
Dodging        | |  2.8

Action                   |  1- 3 |  4- 6 |  7- 9 || total
-------------------------+-------+-------+-------++-------
Melee: Unarmed           |   103 |   186 |    31 ||   320
       Punch             |     2 |     3 |     2 ||     7
Throw: Boomerang         |     2 |       |       ||     2
Evoke: Wand              |       |       |     1 ||     1
  Use: Scroll            |       |       |    10 ||    10
       Potion            |       |       |     2 ||     2
Armor: Leather armour    |    33 |    78 |     2 ||   113
Dodge: Dodged            |    71 |   162 |    12 ||   245
